 Dungeon Crawl Stone Soup version 0.29.1-12-g30fa7ad0bf (webtiles) character file.

Game seed: 14175391319769133781

300 CungeonDrawl the Digger (level 6, -3/32 HPs)
             Began as a Gargoyle Earth Elementalist on Jan 16, 2023.
             Slain by Duvessa
             ... wielding a +0 short sword
              (6 damage)
             ... on level 4 of the Dungeon.
             The game lasted 00:30:15 (3949 turns).

CungeonDrawl the Digger (GrEE)                      Turns: 3949, Time: 00:30:15

Health: -3/32      AC:  7    Str: 11    XL:     6   Next: 36%
Magic:  6/9        EV: 15    Int: 18    God:
Gold:   174        SH:  3    Dex: 10    Spells: 8/9 levels left

rFire   . . .      SeeInvis .   j - +0 spear
rCold   . . .      Faith    .   g - +0 buckler
rNeg    + . .      Spirit   .   a - +0 robe
rPois   ∞          Reflect  .   (no helmet)
rElec   +          Harm     .   u - +0 cloak
rCorr   +          Rampage  .   (no gloves)
Will    .....                   (no boots)
Stlth   ++........              (no amulet)
HPRegen 0.10/turn               d - ring of resist corrosion
MPRegen 0.11/turn               r - +4 ring of evasion

@: hasted, very quick
A: sickness immunity, AC +4, negative energy resistance 1, electricity
resistance, torment resistance 1, petrification resistance
a: no special abilities


You were on level 4 of the Dungeon.
You visited 1 branch of the dungeon, and saw 4 of its levels.

You collected 174 gold pieces.

Inventory:

Hand Weapons
 j - a +0 spear (weapon)
Missiles
 A - 3 boomerangs
Armour
 a - a +0 robe (worn)
 g - a +0 buckler (worn)
 u - a +0 cloak (worn)
Magical Staves
 o - a staff of death
Jewellery
 d - a ring of resist corrosion (left hand)
 r - a +4 ring of evasion (right hand)
Scrolls
 c - a scroll of identify {unknown}
 f - a scroll of fear {unknown}
 h - a scroll of torment {unknown}
 l - 2 scrolls of blinking {unknown}
 n - a scroll of amnesia {unknown}
 p - a scroll of acquirement {unknown}
 s - a scroll of silence {unknown}
 y - a scroll of vulnerability {unknown}
Potions
 b - a potion of magic
 e - a potion of brilliance {unknown}
 i - a potion of curing
 k - 2 potions of haste
 m - 2 potions of lignification {unknown}
 q - 2 potions of heal wounds {unknown}
 t - a potion of attraction {unknown}
 v - a potion of ambrosia {unknown}
 w - a potion of cancellation {unknown}
 x - a potion of mutation {unknown}
 z - a potion of degeneration {unknown}


   Skills:
 - Level 1.5 Dodging
 - Level 2.1 Stealth
 - Level 2.0 Spellcasting
 * Level 3.8 Conjurations
 - Level 0.7 Transmutations
 - Level 7.0 Earth Magic


You had 8 spell levels left.
You knew the following spells:

 Your Spells              Type           Power      Damage    Failure   Level
a - Sandblast             Erth           54%        2d13      1%          1

Your spell library contained the following spells:

 Spells                   Type           Power      Damage    Failure   Level
 Passwall                 Tmut/Erth      12%        N/A       8%          2
 Stone Arrow              Conj/Erth      42%        3d9       8%          3
 Petrify                  Tmut/Erth      15%        N/A       45%         4
 Gell's Gravitas          Tloc           1%         N/A       58%         3
 Teleport Other           Tloc           1%         N/A       58%         3
 Dispersal                Tloc           0%         N/A       100%        6


Dungeon Overview and Level Annotations

Branches:
Dungeon (4/15)
 Temple: D:4-7

Altars:
Ashenzari
Qazlal

Annotations:
D:4 Duvessa


Innate Abilities, Weirdness & Mutations

You are immune to sickness and miasma.
Your stone body is resilient. (AC +4)
You are immune to poison.
You resist negative energy. (rN+)
You are resistant to electric shocks. (rElec)
You are resistant to unholy torment.
You are immune to petrification.


Message History

You hear a distant scream of rage.
Things that are here:
a +0 dagger; a +0 robe; the elf corpse of Dowan Duvessa goes berserk!
You throw a boomerang. The boomerang closely misses Duvessa.
Duvessa rages. x2
The blast of sand hits Duvessa.
Duvessa is lightly wounded.
The blast of sand hits Duvessa.
Duvessa is lightly wounded.
Duvessa hits you with a +0 short sword. Duvessa closely misses you.
The blast of sand hits Duvessa.
Duvessa is lightly wounded.
You block Duvessa's attack. Duvessa hits you with a +0 short sword!
The blast of sand hits Duvessa!
Duvessa is moderately wounded.
You block Duvessa's attack.
Duvessa hits you with a +0 short sword!!
Ouch! That really hurt!
* * * LOW HITPOINT WARNING * * *
Duvessa closely misses you.
Okay, then.
Unknown command.
Okay, then.
Okay, then.
Unknown command.
Okay, then.
Unknown command.
Okay, then.
It was a potion of curing.
You feel better. Duvessa hits you with a +0 short sword.
* * * LOW HITPOINT WARNING * * *
You feel better. Duvessa hits you with a +0 short sword.
* * * LOW HITPOINT WARNING * * *
Duvessa hits you with a +0 short sword.
* * * LOW HITPOINT WARNING * * *
It was a potion of haste.
You feel yourself speed up. Duvessa barely misses you.
Duvessa attacks as you move away! Duvessa hits you with a +0 short sword.
You die...

#.....<..'.).##
###......###..##
#......# #...#####
#......# #...'...##
#......#
#...###..###
#......#
#...##.....#
#....†.#
#...##...#.^.....
#......#
#...##...###.....
#......# ##..@.....#
....
#......####..e.....#
...
########...........#
#. #.....$.....#
#...........#
#...........#
#...........#
.............#
.(.............


You could see Duvessa (berserk).

Vanquished Creatures
  Dowan (D:4)
  2 iguanas (D:4)
  Terence (D:2)
  Robin (D:3)
  A gnoll (D:1)
  10 adders
  2 dart slugs
  An orc (D:4)
  3 ball pythons
  7 endoplasms
  6 hobgoblins
  3 jackals (D:1)
  A quokka (D:4)
  6 bats
  2 frilled lizards
  11 goblins
  5 kobolds
  3 rats
66 creatures vanquished.

Notes
Turn   | Place    | Note
-------+----------+-------------------------------------------
     0 | D:1      | CungeonDrawl the Gargoyle Earth Elementalist began the
                  | quest for the Orb.
     0 | D:1      | Reached XP level 1. HP: 10/10 MP: 3/3
   308 | D:1      | Reached skill level 4 in Earth Magic
   388 | D:1      | Reached XP level 2. HP: 15/15 MP: 3/5
   723 | D:1      | Reached XP level 3. HP: 19/19 MP: 6/6
   759 | D:1      | Reached skill level 5 in Earth Magic
   832 | D:1      | Found a faded altar of an unknown god.
  1445 | D:2      | Noticed Terence
  2004 | D:2      | Reached XP level 4. HP: 24/24 MP: 3/7
  2053 | D:2      | Reached skill level 6 in Earth Magic
  2233 | D:2      | Killed Terence
  2407 | D:2      | Reached XP level 5. HP: 28/28 MP: 6/8
  2785 | D:3      | Reached skill level 7 in Earth Magic
  3049 | D:3      | Noticed Robin
  3063 | D:3      | Reached skill level 1 in Conjurations
  3128 | D:3      | Killed Robin
  3267 | D:3      | Found a broken altar of Ashenzari.
  3542 | D:4      | Noticed Dowan
  3623 | D:4      | Noticed a fire elemental
  3625 | D:4      | Found a stormy altar of Qazlal.
  3627 | D:4      | Noticed a water elemental
  3627 | D:4      | Noticed an air elemental
  3682 | D:4      | Reached XP level 6. HP: 32/32 MP: 6/9
  3890 | D:4      | Noticed Duvessa
  3909 | D:4      | Killed Dowan
  3949 | D:4      | Slain by Duvessa

Illustrated notes

Levels and vault maps discovered:
D:1:      ncdulo_lavacross, layout_loops_ring,
          hellmonk_ecumenical_altar_pennies_from_heaven
D:2:      layout_basic, minmay_misc_feat_tower, uniq_terence
D:3:      layout_rooms, nicolae_ashenzari_panopticon, uniq_robin
D:4:      layout_basic, nicolae_qazlal_style_of_elements, grunt_dithmenos_smoke,
          temple_green, uniq_duvessa

Skill      XL: |  1  2  3  4  5  6 |
---------------+-------------------+-----
Earth Magic    | 4 5 6 7 |  7.0
Conjurations   | 2 3 |  3.8
Dodging        | |  1.5
Stealth        | |  2.1
Spellcasting   | |  2.0
Transmutations | |  0.7

Action                   |  1- 3 |  4- 6 || total
-------------------------+-------+-------++-------
Melee: Unarmed           |     7 |       ||     7
       Spear             |    14 |    12 ||    26
Throw: Boomerang         |       |     8 ||     8
       Dart              |       |     2 ||     2
 Cast: Sandblast         |    38 |    59 ||    97
  Use: Potion            |       |     3 ||     3
 Stab: Sleeping          |     1 |       ||     1
Armor: Robe              |    13 |     5 ||    18
Dodge: Dodged            |    17 |    19 ||    36
Block: Buckler           |     4 |     5 ||     9
